 Dungeon Crawl Stone Soup version 0.19-a0-1225-gf887c1c (webtiles) character file.

488706 Leszczynek the Bludgeoner (level 24, 15/231 HPs)
             Began as an Ogre Fighter on Aug 22, 2016.
             Was a High Priest of Okawaru.
             Quit the game on level 5 of the Abyss on Aug 26, 2016.
             The game lasted 04:19:16 (38940 turns).

Leszczynek the Bludgeoner (Ogre Fighter)           Turns: 38940, Time: 04:19:17

Health: 15/231     AC: 30    Str: 32    XL:     24   Next: 68%
Magic:  1/35       EV: 20    Int: 10    God:    Okawaru [*****.]
Gold:   1422       SH: 28    Dex: 14    Spells: 6 memorised, 22 levels left

rFire  + . .     SeeInvis .     a - +5 morningstar (holy)
rCold  + . .     Gourm    .     X - +6 storm dragon armour {praise the floor god}
rNeg   . . .     Faith    .     Z - +0 large shield {rC+ rF+}
rPois  .         Spirit   .     C - +2 hat of the Spheres {Str+2}
rElec  +         Dismiss  .     r - +1 cloak {+Inv}
rCorr  +         Reflect  +     (gloves unavailable)
MR     ++...     Harm     .     (boots unavailable)
Stlth  .......... Rnd*Rage +    h - +3 amulet of reflection Rnd*Tele +
                                T - +4 ring of evasion
                                l - ring of resist corrosion

@: mildly poisoned (15 -> 10), heroism, repel missiles
A: unfitting armour, horns 1, iridescent scales 1, berserk 2, blurry vision 1,
frail 1, strong 1, teleportitis 2, tough skin 1, subdued magic 1
a: Heroism, Finesse, Renounce Religion, Evoke Invisibility
}: 3/15 runes: barnacled, silver, gossamer


You were on level 5 of the Abyss.
You worshipped Okawaru.
Okawaru was extremely pleased with you.
You were not hungry.

You visited 10 branches of the dungeon, and saw 45 of its levels.
You visited the Abyss 1 time.
You also visited: Ossuary, Ice Cave and Volcano.

You collected 4327 gold pieces.
You spent 2905 gold pieces at shops.

Inventory:

Hand Weapons
 a - a +5 morningstar of holy wrath (weapon)
 b - a +5 morningstar of freezing
Missiles
 v - 6 throwing nets
 A - 93 large rocks (quivered)
 S - 25 javelins of penetration
Armour
 r - a +1 cloak of invisibility (worn)
 C - the +2 hat of the Spheres (worn) {Str+2}
   (Okawaru gifted it to you on level 3 of the Lair of Beasts)

   It affects your strength (+2).
 X - a +6 storm dragon armour (worn) {praise the floor god}
 Z - a +0 large shield of resistance (worn)
Jewellery
 f - the amulet "Racy" {Gourm rPois rC- Int+8}
   (You took it off a deep elf blademaster on level 3 of the Elven Halls)

   [amulet of the gourmand]

   It allows you to eat raw meat even when not hungry.
   It affects your intelligence (+8).
   It makes you vulnerable to cold.
   It protects you from poison.
 h - a +3 amulet of reflection (around neck)
 l - a ring of resist corrosion (left hand)
 m - an uncursed ring of protection from magic
 x - the ring of Vesomp {rElec Int+2 SInv}
   (You took it off a deep elf elementalist on level 3 of the Elven Halls)

   [ring of see invisible]

   It affects your intelligence (+2).
   It insulates you from electricity.
   It lets you see invisible.
 G - an uncursed ring of positive energy
 L - an uncursed ring of protection from fire
 T - a +4 ring of evasion (right hand)
Wands
 t - a wand of acid (7/15)
 y - a wand of disintegration (10/24)
 R - a wand of enslavement (14/24)
 Y - a wand of paralysis (17/24)
Scrolls
 e - 6 scrolls of fear
 i - 2 scrolls of fog
 j - 3 scrolls of magic mapping
 o - 27 scrolls of remove curse
 w - 4 scrolls of recharging
 B - a scroll of blinking
 K - 8 scrolls of identify
 Q - 4 scrolls of summoning
Potions
 c - 6 potions of might
 g - 2 potions of lignification
 k - 5 potions of curing
 n - 2 potions of haste
 q - a potion of cancellation
 s - a potion of resistance
 z - a potion of cure mutation
 O - 4 potions of heal wounds
 P - a potion of flight
 V - 5 potions of magic
 W - 4 potions of ambrosia
Miscellaneous
 u - 5 boxes of beasts
 F - a phantom mirror
 I - 2 sacks of spiders
 J - a fan of gales
 N - a phial of floods
 U - a lamp of fire
Comestibles
 d - 14 bread rations
 D - 20 meat rations
 E - 23 fruits


   Skills:
 + Level 18.3(23.3) Fighting
 - Level 20.5(25.5) Maces & Flails
 + Level 17.7(22.7) Throwing
 - Level 10.1(15.1) Armour
 + Level 12.0(17.0) Dodging
 - Level 15.0(20.0) Shields
 - Level 8.8 Spellcasting
 - Level 11.1 Charms
 - Level 6.0 Necromancy
 * Level 9.2 Translocations
 - Level 4.0 Air Magic
 - Level 7.8 Invocations
 - Level 11.0 Evocations


You had 22 spell levels left.
You knew the following spells:

 Your Spells              Type           Power        Failure   Level  Hunger
a - Swiftness             Chrm/Air       ###.....     2%          2    #......
b - Passwall              Tmut/Erth      #.........   73%         2    #......
c - Irradiate             Conj/Tmut      #.........   100%        5    ######.
d - Passage of Golubria   Tloc           N/A          12%         4    ####...
q - Regeneration          Chrm/Necr      ###.......   3%          3    ###....
w - Repel Missiles        Chrm/Air       ###...       2%          2    #......


Dungeon Overview and Level Annotations

Branches:
Dungeon (15/15)            Temple (1/1) D:6            Lair (6/6) D:9
 Shoals (4/4) Lair:3       Spider (4/4) Lair:4        Slime (0/5) Lair:6
    Orc (2/2) D:9             Elf (3/3) Orc:2        Vaults (5/5) D:14
  Crypt (3/3) Vaults:3       Tomb (2/3) Crypt:3      Depths (0/5) D:15

Altars:
Ashenzari
Cheibriados
Dithmenos
Elyvilon
Fedhas
Gozag
Hepliaklqana
Makhleb
Nemelex Xobeh
Okawaru
Qazlal
Sif Muna
Uskayaw
Vehumet
Xom
Yredelemnul
Zin
The Shining One
Beogh
Jiyva

Shops:
Orc:2 (*[(:?:}   Elf:2 ?   Shoals:3 *   Vaults:4 ?

Annotations:
D:7 bees
Spider:1 Frances
Spider:2 exclusion: upstairs


Innate Abilities, Weirdness & Mutations

You are too large for most types of armour.
You have tough skin. (AC +1)
You have a pair of small horns on your head.
You are partially covered in iridescent scales. (AC +2)
You are frail. (-10% HP)
Your muscles are strong. (Str +2)
Your spells are a little easier to cast, but a little less powerful.
[You often lose your temper in combat.]
[Scrolls take you a little longer to read.]
[You are sometimes teleported next to monsters.]


Message History

The large abomination hits you.
* * * LOW HITPOINT WARNING * * *
The apocalypse crab bites you but does no damage.
The apocalypse crab claws you.
* * * LOW HITPOINT WARNING * * *
You are poisoned.
The apocalypse crab poisons you!
You feel sick. The hellwing hits you.
* * * LOW HITPOINT WARNING * * *
The hellwing hits you but does no damage.
The large abomination hits you!
* * * LOW HITPOINT WARNING * * *
The apocalypse crab bites you but does no damage.
The apocalypse crab claws you but does no damage.
The starcursed mass engulfs you but does no damage.
You can move again.
Unknown command.
Unknown command.
Unknown command.
Are you sure you want to abandon this character and quit the game? (Confirm with "yes".)

. . . ### .# .#.
#.. ###.. #..#
##.. #.#X##....
###..###....#(..
#.#......###...(..
....#xX.X.#...(##∩
##...XXt.X....#.
##.###XX@4....#.
#. #.#####.## . #
### ### .. #..
.{#. # X*##( ##.#X
# ..x #. ## . ..#.
. #. . # ... .


You could see 6 starcursed masses, an apocalypse crab, a large abomination, a
hellwing and a small abomination.

Vanquished Creatures
  2 ancient liches (Vaults:5)
  A greater mummy (Tomb:1)
  2 golden dragons (Vaults:5)
  Jory (Vaults:5)
  A bone dragon (Abyss:5)
  Jorgrun (Shoals:3)
  2 liches
  Rupert (Spider:1)
  A tentacled monstrosity (Vaults:5)
  A quicksilver dragon (Vaults:5)
  4 deep elf blademasters
  3 ancient champions
  9 sphinxes
  The ghost of Torax the Phalangite, an adept MfAK of Lugonu (Shoals:4)
  6 shadow dragons (Vaults:5)
  2 revenants
  2 tengu reavers (Vaults:5)
  3 fire giants
  2 orc warlords
  2 frost giants (Vaults:5)
  An iron dragon (Vaults:5)
  13 vault wardens
  4 ghost moths
  7 deep elf sorcerers
  4 curse skulls
  3 deep elf elementalists (Elf:3)
  6 emperor scorpions
  15 ironheart preservers
  4 ghouls (Crypt:2)
  6 war gargoyles (Vaults:5)
  A reaper (IceCv)
  6 stone giants
  6 vampire knights
  12 very ugly things
  3 deep elf demonologists
  5 entropy weavers
  2 starcursed masses (Abyss:5)
  A spark wasp (Spider:4)
  A spark wasp (shapeshifter) (Elf:1)
  A dire elephant (shapeshifter) (Vaults:5)
  11 deep elf annihilators
  2 eidola (Crypt:1)
  8 deep elf death magi
  8 ettins
  6 merfolk impalers
  Snorg (D:10)
  4 merfolk javelineers (Shoals:4)
  2 fire dragons
  2 jiangshi (Crypt:3)
  5 mummy priests (Tomb:1)
  5 deep elf high priests
  2 great orbs of eyes (Vaults:2)
  A rakshasa (D:14)
  12 yaktaur captains
  32 vault guards
  2 catoblepae
  6 ice dragons
  2 hydras (Lair:5)
  A merfolk avatar (Shoals:2)
  Erica (D:8)
  9 centaur warriors
  2 alligator snapping turtles (Shoals:4)
  3 death knights
  5 merfolk aquamancers (Shoals:4)
  26 dancing weapons
  5 death yaks
  6 vampire magi
  5 ogre magi
  3 deep troll earth magi
  3 satyrs
  31 death scarabs (Tomb:1)
  An orc high priest (Orc:2)
  Urug (D:14)
  4 small abominations
  5 wretched stars (Abyss:5)
  Nergalle (Orc:2)
  An iron giant skeleton (Crypt:1)
  A hell knight (Vaults:5)
  25 deep elf knights
  Sonja (D:11)
  A soul eater (Crypt:1)
  3 shadow wraiths
  4 storm dragon zombies (Crypt:3)
  25 skeletal warriors
  A spatial maelstrom (Abyss:5)
  A death drake (shapeshifter) (Vaults:5)
  2 golden dragon zombies (Crypt:3)
  A fire crab (D:15)
  An anaconda zombie (Crypt:3)
  3 sea snakes
  3 unseen horrors
  3 flayed ghosts
  13 deep trolls
  A lindwurm (Lair:5)
  4 giant orange brains
  A wizard (Vaults:2)
  11 phantasmal warriors
  11 deep elf archers
  7 hill giants
  19 ironbrand convokers
  15 orc knights
  14 harpies
  An anubis guard (Tomb:1)
  3 fauns (Shoals:3)
  61 deep elf magi
  9 orb spiders
  5 orc sorcerers
  2 hornets
  A sphinx skeleton (Crypt:2)
  9 griffons
  42 ugly things
  21 wolf spiders
  11 cyclopes
  9 manticores
  A frost giant zombie (Crypt:3)
  A moth of wrath (Spider:4)
  21 elephants
  A stone giant zombie (Crypt:3)
  2 stone giant skeletons (Vaults:3)
  2 ice statues (IceCv)
  5 sirens
  A frost giant skeleton (Vaults:3)
  A guardian serpent (Elf:2)
  3 centaur zombies
  4 toenail golems (Volcano)
  An octopode (shapeshifter) (Vaults:1)
  5 human skeletons (Vaults:3)
  A shock serpent zombie (Crypt:2)
  6 black mambas
  5 torpor snails
  A smoke demon (Abyss:5)
  14 vault sentinels
  A gargoyle (D:12)
  2 centaur skeletons (D:14)
  5 freezing wraiths
  A hellion (Abyss:5)
  3 water nymphs
  18 spiny frogs
  2 rime drakes (Lair:6)
  5 demonic crawlers
  A shock serpent skeleton (Crypt:1)
  22 yaktaurs
  A komodo dragon (shapeshifter) (Vaults:3)
  7 komodo dragons
  10 ice devils (IceCv)
  2 ancient zymes (Abyss:5)
  A redback zombie (D:14)
  An efreet (Abyss:5)
  4 guardian mummies (Tomb:1)
  9 trolls
  20 merfolk
  8 polar bears (Lair:6)
  A jumping spider (shapeshifter) (Vaults:3)
  A meliai (shapeshifter) (D:15)
  A two-headed ogre (shapeshifter) (Vaults:5)
  18 jumping spiders
  12 two-headed ogres
  2 wind drakes (Shoals:2)
  6 raiju
  18 slime creatures
  21 blink frogs
  2 boulder beetles
  A sphinx simulacrum (Vaults:2)
  4 ushabtiu
  6 snapping turtles
  A bog body (Crypt:2)
  7 large abominations (Abyss:5)
  A fire dragon zombie (Crypt:3)
  An ettin zombie (Crypt:3)
  4 air elementals
  9 water elementals
  A fire giant simulacrum (Vaults:2)
  64 redbacks
  3 flying skulls (Crypt:1)
  32 tarantellas
  2 ettin skeletons
  38 yaks
  9 vampires (Crypt:3)
  6 humans (Volcano)
  2 wyverns
  4 wraiths
  2 shadows
  2 basilisks (shapeshifter)
  11 hippogriffs
  7 basilisks
  A fire elemental (Elf:1)
  A hungry ghost (D:12)
  A golden eye (shapeshifter) (Vaults:3)
  A neqoxec (Abyss:5)
  Eustachio (D:6)
  2 chaos spawn (Abyss:5)
  3 steam dragons
  9 vampire mosquitoes
  A hippogriff (shapeshifter) (Vaults:5)
  10 wargs
  3 mottled dragons
  A spatial vortex (Abyss:5)
  3 soldier ants
  A merfolk zombie (Crypt:2)
  12 water moccasins
  9 hell hounds
  5 porcupines
  A faun skeleton (Crypt:2)
  A deep troll skeleton (Vaults:3)
  A swamp drake (Lair:6)
  2 ice beasts
  13 black bears (Lair:6)
  54 orc warriors
  3 wasps
  2 phantoms
  3 sky beasts
  A spiny frog skeleton (Crypt:3)
  A wasp (shapeshifter) (D:15)
  7 boggarts
  2 necrophages
  23 ogres
  16 centaurs
  An elf skeleton (Vaults:3)
  An ogre (shapeshifter) (D:15)
  A tengu (shapeshifter) (Vaults:4)
  30 wolves
  A big kobold (D:12)
  13 crocodiles
  22 giant frogs
  A giant frog (shapeshifter) (Vaults:5)
  A gnoll sergeant (D:7)
  A salamander zombie (Crypt:2)
  3 earth elementals
  A scorpion (D:4)
  2 wyvern skeletons
  A spriggan zombie (Crypt:2)
  5 killer bees (D:7)
  A polar bear zombie (Crypt:2)
  8 wights
  An elf simulacrum (Vaults:1)
  A howler monkey (D:7)
  3 electric eels (D:14)
  9 crimson imps
  3 wasp zombies
  3 giant frog zombies
  A quasit (D:10)
  23 hounds
  34 orc priests
  A giant frog skeleton (D:11)
  6 jellies
  30 orc wizards
  Jessica (D:2)
  A black bear skeleton (Crypt:1)
  20 iguanas
  8 worker ants
  A killer bee zombie (D:6)
  57 sheep
  A big kobold zombie (Ossuary)
  A dwarf skeleton (Crypt:3)
  A hound zombie (D:8)
  24 mummies
  10 adders
  15 gnolls
  75 river rats
  2 shadow imps
  6 white imps (IceCv)
  10 ufetubi (IceCv)
  An ooze (D:2)
  An adder skeleton (D:5)
  A sheep skeleton (Crypt:1)
  2 worms
  5 dart slugs (D:1)
  2 giant geckos (D:2)
  131 orcs
  7 bats
  4 giant cockroaches
  8 goblins
  10 hobgoblins
  9 jackals
  9 quokkas
  A river rat zombie (Crypt:1)
  5 ball pythons
  4 giant newts
  A gnoll skeleton (Crypt:2)
  3 hobgoblin zombies (Ossuary)
  A jackal skeleton (D:7)
  7 kobolds
  2 kobold zombies (Ossuary)
  2 orc zombies (Ossuary)
  2 rats (D:1)
  2 plants (Shoals:4)
2069 creatures vanquished.

Vanquished Creatures (others)
  A golden dragon (Vaults:5)
  A tentacled monstrosity (Vaults:5)
  2 deep elf master archers (Elf:3)
  A stone giant (Vaults:4)
  A vault guard (Vaults:5)
  An ogre mage (Vaults:1)
  2 death scarabs (Tomb:1)
  2 deep elf knights (Elf:2)
  3 deep elf archers (Elf:2)
  3 deep elf magi
  3 cyclopes
  A manticore (Shoals:4)
  5 yaktaurs
  A tarantella (Spider:3)
  5 golden eyes (Abyss:5)
  A warg (Vaults:5)
  2 boggarts
  4 centaurs
  2 white imps (IceCv)
  2 ufetubi (IceCv)
  3 orcs
  A jackal (D:8)
  37 fungi
  2 lurking horrors (Abyss:5)
  36 plants
122 creatures vanquished.

Grand Total: 2191 creatures vanquished

Notes
Turn   | Place    | Note
-------+----------+-------------------------------------------
     0 | D:1      | Leszczynek the Ogre Fighter began the quest for the Orb.
     0 | D:1      | Reached XP level 1. HP: 24/24 MP: 1/1
    26 | D:1      | Reached skill level 3 in Maces & Flails
   107 | D:1      | Reached XP level 2. HP: 12/32 MP: 2/2
   331 | D:1      | Reached skill level 4 in Maces & Flails
   406 | D:1      | Reached XP level 3. HP: 24/39 MP: 3/3
   452 | D:1      | Reached skill level 3 in Shields
   656 | D:2      | Reached XP level 4. HP: 36/48 MP: 4/4
   765 | D:3      | Reached skill level 5 in Maces & Flails
   994 | D:2      | Reached XP level 5. HP: 25/54 MP: 5/5
  1045 | D:2      | Noticed Jessica
  1050 | D:2      | Killed Jessica
  1050 | D:2      | Reached skill level 6 in Maces & Flails
  1712 | D:4      | Reached skill level 4 in Shields
  1814 | D:5      | Entered Level 5 of the Dungeon
  1820 | D:5      | Reached XP level 6. HP: 62/62 MP: 6/6
  1875 | D:5      | Reached skill level 7 in Maces & Flails
  2048 | D:6      | Noticed Eustachio
  2057 | D:6      | Killed Eustachio
  2057 | D:6      | Reached skill level 8 in Maces & Flails
  2057 | D:6      | Reached XP level 7. HP: 18/70 MP: 7/7
  2514 | D:6      | Found a staircase to the Ecumenical Temple.
  2523 | Temple   | Entered the Ecumenical Temple
  2527 | Temple   | Became a worshipper of Warmaster Okawaru
  2593 | D:5      | Reached skill level 9 in Maces & Flails
  2855 | D:6      | Reached skill level 5 in Shields
  3035 | D:6      | Found a burning altar of Makhleb.
  3035 | D:6      | Found a snail-covered altar of Cheibriados.
  3152 | D:7      | Gained mutation: Your flesh is cold resistant. (rC+) [potion of mutation]
  3152 | D:7      | Gained mutation: Your muscles are strong. (Str +2) [potion of mutation]
  3152 | D:7      | Gained mutation: You have an increased reservoir of magic. (+10% MP) [potion of mutation]
  3165 | D:7      | Reached skill level 10 in Maces & Flails
  3165 | D:7      | Reached XP level 8. HP: 49/78 MP: 8/8
  3176 | D:7      | Reached * piety under Okawaru
  3264 | D:8      | Found a sand-covered staircase.
  3270 | Ossuary  | Entered an ossuary
  3803 | D:8      | Reached skill level 11 in Maces & Flails
  3812 | D:8      | Reached skill level 6 in Shields
  4081 | D:7      | Found a sparkling altar of Nemelex Xobeh.
  4139 | D:7      | Gained mutation: You are partially covered in iridescent scales. (AC +2) [mutagenic meat]
  4142 | D:7      | Gained mutation: [You tend to lose your temper in combat.] [mutagenic meat]
  4145 | D:7      | Gained mutation: You have a pair of small horns on your head. [mutagenic meat]
  4164 | D:7      | Reached ** piety under Okawaru
  4164 | D:7      | Reached XP level 9. HP: 77/84 MP: 9/9
  4283 | D:7      | Reached skill level 12 in Maces & Flails
  4440 | D:7      | Found a basalt altar of Yredelemnul.
  4706 | D:7      | Reached skill level 7 in Shields
  4977 | D:8      | Reached skill level 5 in Fighting
  5041 | D:8      | Reached skill level 13 in Maces & Flails
  5080 | D:8      | Found a shadowy altar of Dithmenos.
  5096 | D:8      | Reached skill level 6 in Fighting
  5312 | D:8      | Noticed Erica
  5319 | D:8      | Killed Erica
  5319 | D:8      | Reached skill level 8 in Fighting
  5319 | D:8      | Reached XP level 10. HP: 76/104 MP: 8/11
  5323 | D:8      | Noticed a deep elf mage
  5346 | D:8      | Killed a deep elf mage
  5346 | D:8      | Reached *** piety under Okawaru
  5346 | D:8      | Reached skill level 3 in Dodging
  5446 | D:9      | Reached skill level 1 in Throwing
  5599 | D:9      | Found a staircase to the Lair.
  5635 | D:9      | Reached skill level 2 in Throwing
  5648 | D:9      | Reached skill level 3 in Throwing
  5753 | Lair:1   | Entered Level 1 of the Lair of Beasts
  5761 | Lair:1   | Reached skill level 4 in Dodging
  5808 | D:9      | Reached skill level 14 in Maces & Flails
  5934 | D:9      | Reached **** piety under Okawaru
  5934 | D:9      | Reached skill level 4 in Throwing
  6063 | D:9      | Found a staircase to the Orcish Mines.
  6071 | Orc:1    | Entered Level 1 of the Orcish Mines
  6137 | D:10     | Entered Level 10 of the Dungeon
  6233 | D:10     | Found a hide-covered altar of Uskayaw.
  6515 | D:10     | Reached skill level 1 in Invocations
  6523 | D:10     | Noticed Snorg
  6534 | D:10     | Killed Snorg
  6534 | D:10     | Reached skill level 6 in Throwing
  6534 | D:10     | Reached skill level 2 in Invocations
  6534 | D:10     | Reached XP level 11. HP: 76/111 MP: 6/14
  6620 | D:10     | Reached skill level 3 in Invocations
  6835 | D:11     | Noticed Sonja
  6880 | D:11     | Received a gift from Okawaru
  6958 | D:11     | Noticed a purple ugly thing
  6978 | D:11     | Killed a purple ugly thing
  7053 | D:12     | Reached ***** piety under Okawaru
  7057 | D:12     | Reached skill level 4 in Invocations
  7129 | D:11     | Reached skill level 7 in Throwing
  7145 | D:11     | Noticed an unseen horror
  7152 | D:11     | Killed an unseen horror
  7271 | D:10     | manual of charms
  7271 | D:10     | this is actually nice
  7284 | D:10     | since i'll have bad int, probably
  7284 | D:10     | maybe i'll get it to base 10 and that's it
  7448 | Orc:1    | Noticed an orc sorcerer
  7467 | Orc:1    | Noticed a sun demon
  7483 | Orc:1    | Paralysed by an orc sorcerer for 2 turns
  7491 | Orc:1    | Killed an orc sorcerer
  7532 | D:9      | sun demon into paralyze into bolt of fire
  7532 | D:9      | i should've just gone to lair
  7532 | D:9      | but it's boring that way :D
  7532 | D:9      | and honestly this game is nothing good
  7532 | D:9      | only manual of charms is notable
  7532 | D:9      | i'd say i got decent mutations but then there's berserkitis
  7532 | D:9      | so i won't be sad if i die
  7660 | Lair:1   | Reached skill level 8 in Throwing
  7660 | Lair:1   | Reached skill level 5 in Invocations
  7695 | Lair:1   | Reached skill level 8 in Shields
  7749 | Lair:1   | oh, rpois
  7755 | Lair:1   | just in time
  7901 | Lair:1   | Reached skill level 6 in Invocations
  8204 | Lair:2   | Received a gift from Okawaru
  8446 | Lair:2   | Reached skill level 7 in Invocations
  8676 | Lair:3   | Reached XP level 12. HP: 73/119 MP: 15/19
  8813 | Lair:3   | Received a gift from Okawaru
  8823 | Lair:3   | Reached skill level 5 in Dodging
  8895 | Lair:3   | Reached skill level 9 in Shields
  9011 | Lair:3   | Found a staircase to the Shoals.
  9072 | Lair:3   | Received a gift from Okawaru
  9079 | Lair:3   | Got a transparent hat {god gift}
  9085 | Lair:3   | Identified the +2 hat of the Spheres {Str+2} (Okawaru gifted it to you on level 3 of the Lair of Beasts)
  9116 | Lair:3   | Reached skill level 6 in Dodging
  9406 | Lair:3   | Reached skill level 9 in Fighting
  9612 | Lair:3   | Reached skill level 7 in Dodging
  9922 | Lair:4   | Noticed a catoblepas
  9937 | Lair:4   | Killed a catoblepas
  9981 | Lair:4   | Found a hole to the Spider Nest.
 10009 | Lair:4   | Reached skill level 8 in Dodging
 10031 | Lair:4   | Reached skill level 10 in Fighting
 10151 | Lair:4   | Reached skill level 11 in Fighting
 10273 | Lair:4   | Reached XP level 13. HP: 72/139 MP: 10/20
 10281 | Lair:4   | Reached skill level 12 in Fighting
 10594 | Lair:5   | Reached skill level 13 in Fighting
 10681 | Lair:5   | Received a gift from Okawaru
 10684 | Lair:5   | Got a warped mace {god gift}
 10711 | Lair:5   | Identified the +1 mace of Uluywn {antimagic, rC++ Str+3 Dex-3} (Okawaru gifted it to you on level 5 of the Lair of Beasts)
 10974 | Lair:5   | Found a dark tunnel.
 10979 | Lair:5   | Reached skill level 14 in Fighting
 11044 | Volcano  | Entered a volcano
 11323 | Volcano  | literally nothing, except for an rF+ robe
 11377 | Lair:5   | Reached skill level 15 in Fighting
 11505 | Lair:5   | Received a gift from Okawaru
 11512 | Lair:5   | storm dragon hide!
 11512 | Lair:5   | we're doing it baby!
 11520 | Lair:5   | Reached skill level 1 in Evocations
 11533 | Lair:5   | fuck yeah baby
 11609 | Lair:6   | Entered Level 6 of the Lair of Beasts
 11802 | Lair:5   | Reached skill level 1 in Armour
 11835 | Lair:5   | Received a gift from Okawaru
 11862 | Lair:5   | Reached skill level 2 in Armour
 11862 | Lair:5   | Reached skill level 2 in Evocations
 11998 | Lair:5   | Reached skill level 3 in Armour
 12052 | Lair:5   | Received a gift from Okawaru
 12157 | Lair:5   | Reached skill level 3 in Evocations
 12216 | Lair:6   | Reached skill level 4 in Armour
 12271 | Lair:6   | Reached XP level 14. HP: 126/159 MP: 18/21
 12303 | Lair:6   | Reached skill level 5 in Armour
 12393 | Lair:6   | Reached skill level 4 in Evocations
 12677 | Lair:6   | Reached skill level 6 in Armour
 12683 | Lair:6   | Received a gift from Okawaru
 13332 | Lair:6   | Found a staircase to the Slime Pits.
 13360 | Lair:6   | Reached skill level 5 in Evocations
 13393 | Lair:6   | Found a viscous altar of Jiyva.
 13480 | Lair:6   | Reached ****** piety under Okawaru
 13480 | Lair:6   | Reached skill level 15 in Maces & Flails
 13653 | Lair:6   | Received a gift from Okawaru
 13758 | Lair:6   | Reached skill level 9 in Throwing
 13839 | Lair:6   | Received a gift from Okawaru
 13847 | Lair:6   | Reached skill level 6 in Evocations
 13887 | Lair:6   | Learned a level 4 spell: Passage of Golubria
 13890 | Lair:6   | Learned a level 2 spell: Swiftness
 13893 | Lair:6   | Learned a level 2 spell: Passwall
 13977 | Lair:6   | >elemental staff
 14239 | Lair:6   | Upgraded the game from 0.19-a0-1210-g5c1aa26 to 0.19-a0-1225-gf887c1c
 14627 | Orc:1    | Reached XP level 15. HP: 163/167 MP: 22/22
 14816 | Orc:2    | Entered Level 2 of the Orcish Mines
 14816 | Orc:2    | Found Ikoj's Book Boutique.
 15165 | Orc:2    | Noticed Nergalle
 15187 | Orc:2    | Killed Nergalle
 15187 | Orc:2    | Reached skill level 7 in Evocations
 15226 | Orc:2    | Found a roughly hewn altar of Beogh.
 15228 | Orc:2    | Noticed an orc warlord
 15235 | Orc:2    | Found Opocuemae's Magic Scroll Boutique.
 15370 | Orc:2    | Found Yxtetubb's Gadget Shoppe.
 15494 | Orc:2    | Killed an orc warlord
 15617 | Orc:2    | Reached skill level 10 in Throwing
 15629 | Orc:2    | Found Iminosu's General Store.
 15633 | Orc:2    | Found Piurur's Antique Armour Boutique.
 15649 | Orc:2    | Found Enkod's Book Boutique.
 15673 | Orc:2    | Bought a cloak for 85 gold pieces
 15694 | Orc:2    | Bought a scroll of recharging for 133 gold pieces
 15694 | Orc:2    | Bought a scroll of enchant weapon for 105 gold pieces
 15694 | Orc:2    | Bought a scroll of magic mapping for 49 gold pieces
 15703 | Orc:2    | Found Hudexzaedgh's Antique Weapon Boutique.
 15726 | Orc:2    | Bought a +4 ring of evasion for 504 gold pieces
 15752 | Orc:2    | Bought a scroll of identify for 30 gold pieces
 15752 | Orc:2    | Bought 3 scrolls of identify for 90 gold pieces
 15756 | Orc:2    | Bought a scroll of summoning for 142 gold pieces
 15756 | Orc:2    | Bought a scroll of holy word for 112 gold pieces
 15756 | Orc:2    | Bought a scroll of noise for 15 gold pieces
 15847 | Orc:2    | Found Zuocuck's Weapon Boutique.
 16035 | Orc:2    | Found a staircase to the Elven Halls.
 16264 | Orc:2    | Bought a book of Air for 630 gold pieces
 16267 | Orc:2    | Learned a level 2 spell: Repel Missiles
 16414 | Spider:1 | Entered Level 1 of the Spider Nest
 16436 | Spider:1 | Gained mutation: You have a pair of horns on your head. [potion of beneficial mutation]
 16625 | Spider:1 | Noticed an emperor scorpion
 16655 | Spider:1 | Killed an emperor scorpion
 16655 | Spider:1 | Reached skill level 16 in Maces & Flails
 16718 | Spider:1 | Killed a ghost moth
 17034 | Spider:2 | Received a gift from Okawaru
 17034 | Spider:2 | Reached skill level 8 in Evocations
 17126 | Spider:1 | Noticed Frances
 17219 | Spider:2 | Reached skill level 1 in Charms
 17246 | Spider:2 | Received a gift from Okawaru
 17296 | Spider:3 | Reached skill level 2 in Charms
 17300 | Spider:3 | Received a gift from Okawaru
 17340 | Spider:3 | nice oka!
 17340 | Spider:3 | large shield of resistance
 17521 | Spider:1 | Noticed Rupert
 17522 | Spider:1 | wew lad
 17538 | Spider:1 | Killed Rupert
 17554 | Spider:2 | Reached skill level 3 in Charms
 17574 | Spider:2 | Reached skill level 11 in Throwing
 17682 | Spider:4 | Entered Level 4 of the Spider Nest
 17684 | Spider:4 | i swear i get that vagina ending in 2 out of 3 spider ends
 17953 | Spider:3 | Reached skill level 4 in Charms
 17965 | Spider:3 | Reached XP level 16. HP: 118/176 MP: 21/24
 17970 | Spider:3 | Reached skill level 7 in Armour
 18235 | Spider:4 | Received a gift from Okawaru
 18249 | Spider:4 | i like how i have 16 in maces & flails and 0 in all other weapon skills
 18249 | Spider:4 | and i still get a dagger and a hand crossbow
 18579 | Spider:4 | Reached skill level 12 in Throwing
 18727 | Spider:4 | Reached skill level 5 in Charms
 18865 | Spider:4 | Received a gift from Okawaru
 18871 | Spider:4 | and a lajatang now
 18871 | Spider:4 | oka
 18871 | Spider:4 | are you retarded
 19011 | Spider:4 | Reached skill level 10 in Shields
 19069 | Spider:4 | Identified a scroll of acquirement
 19070 | Spider:4 | Got an ichor-stained eveningstar
 19071 | Spider:4 | Identified the +6 eveningstar of Vuituy {distort, Str+2} (You acquired it on level 4 of the Spider Nest)
 19072 | Spider:4 | pfft
 19313 | Spider:4 | Reached skill level 8 in Armour
 19313 | Spider:4 | Reached skill level 6 in Charms
 19484 | Spider:4 | Got a gossamer rune of Zot
 19618 | Spider:3 | Received a gift from Okawaru
 19855 | Shoals:1 | Entered Level 1 of the Shoals
 19929 | Shoals:1 | Received a gift from Okawaru
 19935 | Shoals:1 | another dagger
 19935 | Shoals:1 | to sum it up, i got so far: 1 mace, 2 daggers, 1 hand crossbow, 1 lajatang
 19935 | Shoals:1 | with 16 in m&f and 0 in everything else (throwing not included)
 20144 | Shoals:2 | Reached skill level 11 in Shields
 20258 | Shoals:2 | Reached skill level 7 in Charms
 20334 | Shoals:3 | Noticed Jorgrun
 20337 | Shoals:3 | Found Fuuh's General Store.
 20354 | Shoals:3 | Killed Jorgrun
 20354 | Shoals:3 | Reached XP level 17. HP: 169/184 MP: 23/25
 20388 | Shoals:3 | Bought a scroll of magic mapping for 45 gold pieces
 20388 | Shoals:3 | Bought a scroll of enchant weapon for 97 gold pieces
 20388 | Shoals:3 | Bought a meat ration for 65 gold pieces
 20558 | Shoals:4 | Entered Level 4 of the Shoals
 20676 | Shoals:4 | Received a gift from Okawaru
 20679 | Shoals:4 | runed flail
 20679 | Shoals:4 | wow
 20684 | Shoals:4 | Identified the Disquisition on Malediction
 21011 | Shoals:3 | Reached skill level 9 in Dodging
 21011 | Shoals:3 | Reached skill level 8 in Charms
 21192 | Shoals:4 | Reached skill level 12 in Shields
 21520 | Shoals:4 | Noticed Torax's ghost (adept MfAK)
 21573 | Shoals:4 | Killed Torax's ghost
 21573 | Shoals:4 | Received a gift from Okawaru
 21991 | Shoals:4 | Got a barnacled rune of Zot
 22349 | Elf:1    | Entered Level 1 of the Elven Halls
 22369 | Elf:1    | Reached skill level 9 in Charms
 22467 | Elf:1    | Reached skill level 13 in Shields
 22505 | Elf:2    | Found a runed gate.
 22506 | Elf:2    | Found a runed gate.
 22507 | Elf:2    | Found a runed gate.
 22660 | Elf:2    | Reached skill level 10 in Dodging
 22702 | Elf:2    | Reached XP level 18. HP: 75/193 MP: 26/26
 22967 | Elf:2    | Received a gift from Okawaru
 22968 | Elf:2    | Got a brightly glowing steam dragon armour {god gift}
 22989 | Elf:2    | Identified the +1 steam dragon armour of Restlessness {rElec rN+ Int-4} (Okawaru gifted it to you on level 2 of the Elven Halls)
 23529 | Elf:2    | 3 dire flails, no morningstars
 23529 | Elf:2    | of course
 23578 | Elf:2    | Reached skill level 10 in Charms
 23663 | Elf:2    | Noticed a deep elf blademaster
 23681 | Elf:2    | Killed a deep elf blademaster
 23723 | Elf:2    | Reached skill level 14 in Shields
 23980 | Elf:2    | Received a gift from Okawaru
 24171 | Elf:3    | Entered Level 3 of the Elven Halls
 24334 | Elf:2    | Found Xomefe's Magic Scroll Shoppe.
 24385 | Elf:2    | Reached skill level 9 in Armour
 24403 | Elf:2    | Bought a scroll of identify for 28 gold pieces
 24403 | Elf:2    | Bought a scroll of teleportation for 42 gold pieces
 24403 | Elf:2    | Bought a scroll of enchant armour for 105 gold pieces
 24403 | Elf:2    | Bought a scroll of identify for 28 gold pieces
 24515 | Elf:2    | Received a gift from Okawaru
 24696 | Elf:3    | Received a gift from Okawaru
 24841 | Elf:3    | Reached skill level 11 in Charms
 24860 | Elf:3    | Received a gift from Okawaru
 24879 | Elf:3    | i haven't used blowgun even once this game
 24879 | Elf:3    | and the only thing i get are needles
 24879 | Elf:3    | remove them from the game already, please
 24879 | Elf:3    | or make them into a separate skill
 25023 | Elf:3    | Received a gift from Okawaru
 25082 | Elf:3    | Reached skill level 15 in Shields
 25082 | Elf:3    | Reached skill level 1 in Air Magic
 25082 | Elf:3    | Reached XP level 19. HP: 188/201 MP: 27/27
 25271 | Elf:3    | Received a gift from Okawaru
 25275 | Elf:3    | and another mace
 25278 | Elf:3    | Got a polished mace {god gift}
 25279 | Elf:3    | Identified the +3 mace of Okawaru's Scorn {freeze, rElec Int-2 Dex+9} (Okawaru gifted it to you on level 3 of the Elven Halls)
 25283 | Elf:3    | fuck you and your scorn man
 25350 | Elf:3    | Reached skill level 2 in Air Magic
 25367 | Elf:3    | Got a clouded steel ring
 25369 | Elf:3    | Identified the ring of Vesomp {rElec Int+2 SInv} (You took it off a deep elf elementalist on level 3 of the Elven Halls)
 25587 | Elf:3    | Reached skill level 3 in Air Magic
 25606 | Elf:3    | Reached skill level 10 in Armour
 25847 | Elf:3    | Received a gift from Okawaru
 25858 | Elf:3    | Got a scintillating emerald amulet
 25860 | Elf:3    | Identified the amulet "Racy" {Gourm rPois rC- Int+8} (You took it off a deep elf blademaster on level 3 of the Elven Halls)
 25953 | Elf:3    | Identified Aruguykh's Reference Book on Harmful Enchantment
 25967 | Elf:3    | Learned a level 3 spell: Regeneration
 26357 | D:12     | Reached skill level 1 in Translocations
 26458 | D:12     | Reached skill level 13 in Throwing
 26501 | D:12     | Reached skill level 4 in Air Magic
 26653 | D:11     | Killed Sonja
 27123 | D:13     | Found an opulent altar of Gozag.
 27244 | D:14     | Found a frozen archway.
 27280 | IceCv    | Entered an ice cave
 27473 | IceCv    | Reached skill level 1 in Necromancy
 27523 | IceCv    | Received a gift from Okawaru
 27562 | IceCv    | demon blade
 27562 | IceCv    | ehhhh
 27568 | IceCv    | Got a jewelled demon blade
 27569 | IceCv    | Identified the +8 demon blade "Amobowniv" {venom, rC+} (You found it in an ice cave)
 27570 | IceCv    | pretty decent
 27869 | D:14     | Noticed Urug
 27877 | D:14     | Killed Urug
 27905 | D:14     | Reached skill level 2 in Necromancy
 27960 | D:14     | Reached skill level 2 in Translocations
 27997 | D:14     | Found a gate to the Vaults.
 28052 | D:15     | Entered Level 15 of the Dungeon
 28218 | D:15     | Reached skill level 3 in Necromancy
 28263 | D:15     | Found a staircase to the Depths.
 28771 | D:14     | You fall through a shaft!
 28792 | Vaults:1 | Entered Level 1 of the Vaults
 29072 | Elf:3    | such an upgrade
 29372 | Vaults:1 | Reached XP level 20. HP: 210/210 MP: 28/28
 29489 | Vaults:1 | Reached skill level 4 in Necromancy
 29489 | Vaults:1 | Reached skill level 3 in Translocations
 29788 | Vaults:1 | Received a gift from Okawaru
 29819 | Vaults:1 | double sword now
 29819 | Vaults:1 | oka
 29819 | Vaults:1 | are you retarded?
 29819 | Vaults:1 | i have almost 17 in maces & flails now
 29819 | Vaults:1 | and still 0 in everything else
 29869 | Vaults:1 | Reached skill level 17 in Maces & Flails
 29878 | Vaults:1 | Reached skill level 5 in Necromancy
 30339 | Vaults:1 | Lost mutation: [You tend to lose your temper in combat.] [potion of cure mutation]
 30339 | Vaults:1 | Lost mutation: You have an increased reservoir of magic. (+10% MP) [potion of cure mutation]
 30339 | Vaults:1 | Lost mutation: Your flesh is cold resistant. (rC+) [potion of cure mutation]
 30339 | Vaults:1 | Lost mutation: You have a pair of horns on your head. [potion of cure mutation]
 30340 | Vaults:1 | well, lost rC+, but berserkitis would kill me in v:5
 30437 | Vaults:1 | Reached skill level 4 in Translocations
 30600 | Vaults:1 | Received a gift from Okawaru
 30618 | Vaults:1 | flail
 30618 | Vaults:1 | i guess i'll have to enchant this morningstar i have
 30669 | Vaults:1 | Reached skill level 6 in Necromancy
 30726 | Vaults:1 | Reached skill level 1 in Spellcasting
 30895 | Vaults:2 | Reached skill level 2 in Spellcasting
 31065 | Vaults:2 | Reached skill level 3 in Spellcasting
 31205 | Vaults:2 | Reached skill level 4 in Spellcasting
 31223 | Vaults:2 | Paralysed by a great orb of eyes for 6 turns
 31286 | Vaults:2 | Received a gift from Okawaru
 31291 | Vaults:2 | Reached skill level 14 in Throwing
 31478 | Vaults:2 | Reached skill level 5 in Spellcasting
 31640 | Vaults:2 | Reached XP level 21. HP: 215/218 MP: 29/29
 31650 | Vaults:2 | Reached skill level 6 in Spellcasting
 31672 | Vaults:2 | ehh
 31672 | Vaults:2 | well whatever
 31827 | Vaults:3 | Reached skill level 18 in Maces & Flails
 31962 | Vaults:3 | Reached skill level 7 in Spellcasting
 32432 | Vaults:4 | Reached skill level 8 in Spellcasting
 32544 | Vaults:4 | Received a gift from Okawaru
 32662 | Vaults:4 | Found Sumuogua's Magic Scroll Shoppe.
 32673 | Vaults:4 | Bought a scroll of teleportation for 60 gold pieces
 32673 | Vaults:4 | Bought a scroll of recharging for 190 gold pieces
 32673 | Vaults:4 | Bought a scroll of teleportation for 60 gold pieces
 32673 | Vaults:4 | Bought a scroll of blinking for 150 gold pieces
 32673 | Vaults:4 | Bought a scroll of teleportation for 60 gold pieces
 32673 | Vaults:4 | Bought 2 scrolls of fog for 80 gold pieces
 32794 | Vaults:4 | Received a gift from Okawaru
 32800 | Vaults:4 | oh
 32800 | Vaults:4 | ohhhhhh
 32800 | Vaults:4 | he gave me a holy wrath morningstar
 32800 | Vaults:4 | useless now, but it'll be great later
 33255 | Vaults:5 | Entered Level 5 of the Vaults
 33257 | Vaults:5 | Noticed Jory
 33257 | Vaults:5 | bd
 33257 | Vaults:5 | bad
 33257 | Vaults:5 | both of them
 33257 | Vaults:5 | does mesmerize need a line of fire?
 33344 | Vaults:4 | Received a gift from Okawaru
 33344 | Vaults:4 | Reached skill level 15 in Throwing
 33367 | Vaults:4 | Reached skill level 9 in Evocations
 33506 | Vaults:5 | hm
 33506 | Vaults:5 | interesting
 33506 | Vaults:5 | basically i lost 140 hp in one turn from an ettin
 33506 | Vaults:5 | with a storm dragon armor (29 AC) and 16 EV
 33506 | Vaults:5 | impressive
 33523 | Vaults:5 | all quarters are bad for hiding
 33543 | Vaults:5 | HP: 15/218 [battlesphere[a tengu reaver] (11)]
 33572 | Vaults:5 | Reached skill level 19 in Maces & Flails
 33702 | Vaults:5 | barely, but i'm alive
 33761 | Vaults:5 | Noticed a golden dragon
 33785 | Vaults:5 | Killed a golden dragon
 33785 | Vaults:5 | Received a gift from Okawaru
 33785 | Vaults:5 | Reached XP level 22. HP: 155/227 MP: 32/34
 33848 | Vaults:5 | Reached skill level 10 in Evocations
 33915 | Vaults:5 | Noticed an ancient lich
 33917 | Vaults:5 | Noticed an ancient lich
 33952 | Vaults:5 | Noticed a golden dragon
 34037 | Vaults:5 | Killed a golden dragon
 34060 | Vaults:5 | Killed an ancient lich
 34210 | Vaults:5 | Reached skill level 11 in Evocations
 34349 | Vaults:5 | Paralysed by a lich for 2 turns
 34442 | Vaults:5 | Noticed a golden dragon
 34455 | Vaults:5 | Received a gift from Okawaru
 34459 | Vaults:5 | oh, now you give me a +5 enchanted one, huh?
 34459 | Vaults:5 | fuck off
 34489 | Vaults:5 | Killed a golden dragon
 34517 | Vaults:5 | Reached skill level 20 in Maces & Flails
 34517 | Vaults:5 | Reached skill level 16 in Throwing
 34615 | Vaults:5 | Got a slimy morningstar {flame}
 34616 | Vaults:5 | Identified the cursed +2 morningstar "Beastbane" {flame, rC+ MR+} (You took it off an orc on level 5 of the Vaults)
 34661 | Vaults:5 | Killed Jory
 34886 | Vaults:5 | Reached skill level 16 in Fighting
 34923 | Vaults:5 | Received a gift from Okawaru
 34988 | Vaults:5 | Reached XP level 23. HP: 217/239 MP: 35/35
 35006 | Vaults:5 | Paralysed by an ancient lich for 5 turns
 35012 | Vaults:5 | Killed an ancient lich
 35046 | Vaults:5 | skullcrusher
 35046 | Vaults:5 | hmmmmmmmmmm
 35051 | Vaults:5 | Got a silver rune of Zot
 35428 | Vaults:3 | Paralysed by a sphinx for 5 turns
 35579 | Vaults:3 | Received a gift from Okawaru
 35611 | Vaults:3 | Reached skill level 5 in Translocations
 35615 | Vaults:3 | Received a gift from Okawaru
 35941 | Vaults:3 | Found a staircase to the Crypt.
 36014 | Vaults:2 | what now
 36014 | Vaults:2 | i'm slow as hell
 36014 | Vaults:2 | and rcorr is nowhere to be found
 36014 | Vaults:2 | ...tomb?
 36014 | Vaults:2 | ughh
 36014 | Vaults:2 | i only have 2 ?tele tho
 36014 | Vaults:2 | i would have to do it normally
 36014 | Vaults:2 | ughhh
 36014 | Vaults:2 | oh well
 36059 | Crypt:1  | Entered Level 1 of the Crypt
 36104 | Crypt:1  | Received a gift from Okawaru
 36349 | Crypt:2  | Reached skill level 6 in Translocations
 36387 | Crypt:1  | Reached skill level 17 in Fighting
 36402 | Crypt:1  | Got a bound lead amulet
 36403 | Crypt:1  | Identified the amulet of Varawnyq {Inacc rN+} (You found it on level 1 of the Crypt)
 36404 | Crypt:1  | inacc
 36404 | Crypt:1  | uh, maybe no
 36450 | Crypt:2  | Received a gift from Okawaru
 36473 | Crypt:2  | Found a basalt altar of Yredelemnul.
 36642 | Crypt:2  | ehhh
 36845 | Crypt:2  | Reached skill level 17 in Throwing
 36857 | Crypt:2  | Reached skill level 11 in Dodging
 36918 | Crypt:3  | Entered Level 3 of the Crypt
 36987 | Crypt:3  | Found a staircase to the Tomb.
 37063 | Crypt:3  | Received a gift from Okawaru
 37196 | Crypt:3  | Reached skill level 7 in Translocations
 37304 | Crypt:3  | Received a gift from Okawaru
 37307 | Crypt:3  | Identified the +2 flail of Mastery {freeze, MP+9 Str+9} (Okawaru gifted it to you on level 3 of the Crypt)
 37370 | Crypt:3  | there's my rcorr
 37530 | Crypt:3  | Reached XP level 24. HP: 118/253 MP: 35/35
 37786 | Tomb:1   | Entered Level 1 of the Tomb of the Ancients
 37787 | Tomb:1   | this is suicide, probably
 37787 | Tomb:1   | not to mention i'll spend here an eternity
 38021 | Tomb:1   | right
 38021 | Tomb:1   | these are here too
 38024 | Tomb:1   | Received a gift from Okawaru
 38026 | Tomb:1   | Noticed a greater mummy
 38027 | Tomb:1   | Reached skill level 8 in Translocations
 38049 | Tomb:1   | Killed a greater mummy
 38063 | Tomb:1   | HP: 26/379 [reaper/scythe of protection[a mummy priest's death curse] (18)]
 38068 | Tomb:1   | Reached skill level 18 in Fighting
 38082 | Tomb:1   | HP: 26/384 [reaper/scythe of protection[a mummy priest's death curse] (17)]
 38252 | Tomb:1   | Identified the Incunabulum of Shifting Summoning
 38254 | Tomb:1   | this really doesn't look like the best idea
 38254 | Tomb:1   | really really
 38260 | Tomb:1   | Learned a level 5 spell: Irradiate
 38328 | Tomb:1   | Gained mutation: You are frail. (-10% HP) [the power of Zot]
 38328 | Tomb:1   | Gained mutation: Your spells are a little easier to cast, but a little less powerful. [the power of Zot]
 38397 | Tomb:1   | power of zot
 38397 | Tomb:1   | right
 38522 | Tomb:1   | do i risk it or not
 38522 | Tomb:1   | if i fail the teleports, i'm pretty much dead on the spot
 38522 | Tomb:1   | ehhhhh
 38522 | Tomb:1   | oh well, let's try
 38522 | Tomb:1   | i wanna see how it goes
 38527 | Tomb:2   | Noticed an ancient lich
 38527 | Tomb:2   | Noticed a greater mummy
 38534 | Tomb:2   | Noticed a greater mummy
 38534 | Tomb:2   | Noticed a greater mummy
 38540 | Tomb:2   | oops
 38551 | Tomb:2   | Cast into level 5 of the Abyss (an ancient lich)
 38551 | Abyss:5  | Entered Level 5 of the Abyss
 38551 | Abyss:5  | Found an ancient bone altar of Kikubaaqudgha.
 38554 | Abyss:5  | hm
 38697 | Abyss:5  | Reached skill level 12 in Dodging
 38793 | Abyss:5  | Reached skill level 9 in Translocations
 38938 | Abyss:5  | Paralysed by accursed screaming for 1 turns
 38939 | Abyss:5  | HP: 15/231 [large abomination (15)]
 38940 | Abyss:5  | Quit the game

Vault maps used:
D:1:      dpeg_arrival_tiny_g, st_stairs_14, hangedman_decor_growths,
          dk_noncrumbling_3, hangedman_decor_diamond_cutter
D:2:      uniq_sigmund, uniq_jessica, uniq_crazy_yiuf_cottage
D:4:      first_bread
D:6:      amethyst_overflow_temple_binary, uniq_prince_ribbit1, uniq_eustachio
D:7:      yredelemnul_altar_generic, nemelex_xobeh_ov_fountains_minmay,
          grunt_ministairs_4
D:8:      minmay_blocky_corners, nicolae_dithmenos_through_a_glass_darkly,
          nicolae_ossuary_entry_plus, uniq_erica
D:9:      lair_0_dummy, hiddenorc1_lemuel, hangedman_pestilent_swarm
D:10:     lemuel_tele_altar, uniq_snorg
D:11:     hangedman_abyss_or_decor_passed, uniq_sonja
D:13:     grunt_gozag_statues
D:14:     david_vaults_2, portal_ice_cave_entry_pillars_2, uniq_urug
D:15:     gammafunk_enter_depths_forms, small_statue_intersection
Temple:   nicolae_temple_x_marks_the_god
Lair:3:   beast_lair_carwin_large_4, elwin_shoals_entry_rocks
Lair:4:   wad_woods_structure_01, spider_nest_entry_webs,
          nicolae_lair_grove_arrangements
Lair:5:   nicolae_volcano_entry_vermiform, grunt_megastairs_3
Lair:6:   guppyfry_lair_end_dragon, hangedman_lair_caniforms_friends,
          slime_altar_1, grunt_megastairs_5
Shoals:3: serial_shops, nicolae_shop_statue_plus, uniq_jorgrun, uniq_polyphemus
Shoals:4: shoals_end_simple, shoals_ilsuiw_alternative
Spider:1: uniq_rupert, uniq_frances
Spider:3: spiders_nest_ghost_moth_duel
Spider:4: grunt_spider_rune_circles, spider_trap, nicolae_spider_shape
Orc:2:    grunt_orc_cross, serial_shops, nicolae_shop_waterfront, shop,
          nicolae_shop_competitors_out_of_business, shop
Elf:1:    minmay_elf_annihilation
Elf:2:    serial_shops, shop_statue, fountainhead, fake_guardian_serpent_vault
Elf:3:    minmay_elf_hall_statues
Vaults:1: nicolae_vaults_circle_grid_a, hangedman_vaults_hat, v_misc_14,
          hangedman_vaults_river_flow, ontoclasm_vaults_bender,
          vaults_room_glass_cross, hangedman_vaults_stitches,
          dpeg_vaults_monster_box, v_misc_4, v_misc_3, v_misc_19,
          grunt_vaults_focal, serial_shops, shop
Vaults:2: hangedman_vaults_snaps, ontoclasm_vaults_ligature, st_lattice,
          grunt_vaults_twisty, hangedman_vaults_corner_blocks, v_misc_18,
          v_rooms_1, hangedman_vaults_corner, hangedman_vaults_cutoff,
          nicolae_vaults_circle_grid_a
Vaults:3: nicolae_vaults_network_periphery, v_misc_28,
          grunt_vaults_hallway_short, v_alt_pattern_2,
          nicolae_vaults_network_star, nicolae_vaults_puzzle_piece,
          minmay_crypt_entry_skeletal_spiral, serial_ice_b, vaults_room_fours,
          nicolae_vaults_little_ls, stair_cage_open
Vaults:4: hangedman_vaults_maws, v_misc_24, v_misc_22,
          nicolae_vaults_windows_and_doors_thing, v_misc_4, st_diamondy,
          v_misc_17, vaults_room_corners, serial_shops, shop
Vaults:5: uniq_jory
Crypt:1:  grunt_crypt_arrival_split
Crypt:2:  basic_altar
Crypt:3:  due_elkab
Tomb:2:   uniq_frederick
Abyss:5:  hangedman_abyss_mock_shop, nicolae_abyss_rune_star_stuff
Ossuary:  ossuary_tomb_3
IceCv:    ice_cave_small_demon
Volcano:  volcano_bunker

Skill      XL: |  1  2  3  4  5  6  7  8  9 10 11 12 13 14 15 16 17 18 19 20 21 22 23 24 |
---------------+-------------------------------------------------------------------------+-----
Maces & Flails | 3 4 5 6 8 10 11 13 14 15 16 17 19 20 | 20.5
Shields        | 3 4 5 6 7 8 9 11 13 15 | 15.0
Fighting       | 8 11 15 16 17 18 | 18.3
Dodging        | 4 8 10 11 12 | 12.0
Throwing       | 6 8 9 11 12 13 14 15 16 17 | 17.7
Invocations    | 2 7 |  7.8
Evocations     | 3 6 8 9 11 | 11.0
Armour         | 4 6 8 9 10 | 10.1
Charms         | 4 7 9 11 | 11.1
Air Magic      | 1 4 |  4.0
Translocations | 2 4 7 9 |  9.2
Necromancy     | 3 6 |  6.0
Spellcasting   | 5 8 |  8.8

Action                   |  1- 3 |  4- 6 |  7- 9 | 10-12 | 13-15 | 16-18 | 19-21 | 22-24 || total
-------------------------+-------+-------+-------+-------+-------+-------+-------+-------++-------
Melee: Flail             |   127 |   201 |   456 |   931 |  1411 |       |       |       ||  3126
       Headbutt          |       |       |    35 |   212 |   569 |   439 |   659 |   477 ||  2391
       Morningstar       |       |       |       |       |   603 |  1684 |  2200 |  1496 ||  5983
       Eveningstar       |       |       |       |       |       |    28 |       |       ||    28
Throw: Tomahawk          |       |       |       |    27 |    28 |    24 |       |       ||    79
       Javelin           |       |       |       |       |     7 |       |    21 |    13 ||    41
       Large rock        |       |       |       |       |     8 |    29 |    99 |    71 ||   207
       Throwing net      |       |       |       |       |       |       |     4 |       ||     4
 Cast: Repel Missiles    |       |       |       |       |       |     1 |     4 |     4 ||     9
       Regeneration      |       |       |       |       |       |       |    42 |    76 ||   118
Invok: Heroism           |       |       |     6 |    27 |    43 |    38 |    35 |    23 ||   172
       Finesse           |       |       |       |       |     3 |     5 |     2 |     6 ||    16
Evoke: Wand              |       |       |     3 |     3 |       |       |     6 |     9 ||    21
       Rod               |       |       |       |       |       |     2 |       |       ||     2
       Fan of gales      |       |       |       |       |       |       |     1 |       ||     1
  Use: Scroll            |       |     6 |     3 |     7 |    10 |    11 |    18 |    26 ||    81
       Potion            |       |     2 |    14 |     4 |     1 |     9 |     9 |     6 ||    45
 Stab: Sleeping          |     1 |       |     2 |       |       |       |       |       ||     3
       Invisible         |       |     1 |     6 |       |       |       |       |    10 ||    17
       Distracted        |       |       |       |     1 |     1 |       |       |       ||     2
       Petrified         |       |       |       |       |     7 |       |       |       ||     7
       Petrifying        |       |       |       |       |     4 |       |       |       ||     4
       Held in net/web   |       |       |       |       |       |       |     3 |       ||     3
       Confused          |       |       |       |       |       |       |       |     1 ||     1
  Eat: Chunk             |       |     5 |    16 |    20 |    35 |    39 |    32 |     4 ||   151
       Royal jelly       |       |       |     1 |       |     2 |     1 |     4 |    11 ||    19
       Pizza             |       |       |     1 |     1 |     1 |     1 |       |     1 ||     5
       Beef jerky        |       |       |       |       |     1 |     1 |     2 |     1 ||     5
       Fruit             |       |       |       |       |       |       |       |     2 ||     2
Armor: Robe              |    37 |    36 |    52 |    78 |    28 |       |       |       ||   231
       Storm dragon armo |       |       |       |       |   516 |   505 |   376 |   305 ||  1702
       Skin              |       |       |       |       |       |       |       |    15 ||    15
Dodge: Dodged            |    39 |    62 |   142 |   266 |   594 |   513 |   487 |   337 ||  2440
       Deflected         |       |       |       |       |       |       |    11 |     9 ||    20
Block: Shield            |    71 |   114 |   247 |   481 |  1035 |       |       |       ||  1948
       Large shield      |       |       |       |       |   225 |  1569 |  2000 |  1291 ||  5085
       Reflection        |       |       |       |       |       |    71 |   114 |    40 ||   225
